[Event "*** SCC Grand Prix: Titled Tuesday Blitz"]
[Site "Chess.com"]
[Date "2020.09.08"]
[Round "6"]
[White "Bulatova_Kamaliya"]
[Black "ItsCheckM8Mate"]
[Result "0-1"]
[WhiteElo "2167"]
[BlackElo "2323"]
[TimeControl "180+1"]
[EndTime "11:09:04 PDT"]
[Termination "ItsCheckM8Mate won on time"]

1. d4 Nf6 2. Nf3 c5 3. g3 cxd4 4. Nxd4 g6 5. Bg2 Bg7 6. O-O O-O 7. c4 Nc6 8. Nxc6 bxc6 9. Nc3 Rb8 10. e4 Ba6 11.
Qa4 Qc8 12. e5 Ng4 13. f4 c5 14. Nd5 Re8 15. b3 d6 16. Bb2 dxe5 17. Bh3 exf4 18. Bxg7 Kxg7 19. Rxf4 h5 20. Raf1 f6 21. Bxg4 hxg4 22. Nxf6 exf6 23. Rxf6 Rb6 24. Rf7+ Kg8 25. Rxa7 Qe6 26. Qd7 Qxd7 27. Rxd7 Bc8 28. Rd5 Rc6 29. Rfd1 Bf5 30. R1d2 Re1+ 31. Kf2 Ra1 32. Ke3 Rf1 33.
Re5 Kf7 34. Ke2 Rh1 35. Ke3 Kf6 36. Red5 Rf1 37. Ke2 Rf3 38. Rd6+ Rxd6 39. Rxd6+ Ke7 40. Rd5 Rc3 41. Rxc5 Rc2+ 42. Ke3 Rxa2 43. b4 Rxh2 44. Kf4 Kd6 45. Rd5+ Kc6 46. Rxf5 gxf5 47. Kxf5 Rc2 48. b5+ Kb6 49. Kxg4 Rxc4+ 50. Kf5 Rc5+ 51. Kf6 Rc4 52. Kf5 Kxb5 53. g4 Kc6 54. g5 Kd7 55. Kf6 Ke8 56. Kg7 Rg4 57. g6 Rg1 58. Kf6 Kf8 59.
g7+ Kg8 0-1

[Event "*** SCC Grand Prix: Titled Tuesday Blitz"]
[Site "Chess.com"]
[Date "2020.09.08"]
[Round "6"]
[White "GM_Levan_Pantsulaia"]
[Black "RobertoJBM"]
[Result "1/2-1/2"]
[WhiteElo "2853"]
[BlackElo "2684"]
[TimeControl "180+1"]
[EndTime "11:09:08 PDT"]
[Termination "Game drawn by repetition"]

1. Nf3 d5 2. g3 c6 3. Bg2 Bg4 4. O-O Nd7 5. c4 e6 6. cxd5 exd5 7. h3 Bh5 8. d3 Ngf6 9. Nc3 Nc5 10. b4 Ne6 11.
Rb1 Be7 12. Nh4 Bg6 13. f4 Nh5 14. f5 Nxg3 15. Nxg6 hxg6 16. fxe6 f5 17. Rf3 Bd6 18. Qe1 Qh4 19. e4 fxe4 20. dxe4 d4 21. Ne2 Nxe4 22.
Qxh4 Rxh4 23. Bf4 Bxf4 24. Rxf4 Rxf4 25. Nxf4 Nc3 26. Rb2 Ke7 27. Nxg6+ Kxe6 28. Nf4+ Kd6 29. Nd3 Re8 30. a3 b6 31. Rd2 Nb1 32. Rd1 Nxa3 33.
Ra1 Nb5 34. Kf2 Re3 35. Bf1 g5 36. Ra2 Nc3 37. Rxa7 Ne4+ 38. Kg1 c5 39. bxc5+ bxc5 40. Ra6+ Kd5 41. Ra5 Kd6 42. Nb2 Nd2 43. Nc4+ Nxc4 44. Bxc4 Rxh3 45. Kf2 Rc3 46. Ra4 Ke5 47. Ke2 Ke4 48. Ba6 Rc2+ 49. Kd1 Rc3 50. Bb7+ Ke3 51. Ra8 g4 52. Re8+ Kf2 53. Rf8+ Kg1 54. Kd2 g3 55. Bd5 Re3 56. Ra8 Kf2 57. Rf8+ Kg1 58. Rf5 Kh2 59.
Rh5+ Kg1 60. Rf5 Kh2 61. Rh5+ Kg1 62. Rg5 Kh2 63. Rh5+ 1/2-1/2

[Event "*** SCC Grand Prix: Titled Tuesday Blitz"]
[Site "Chess.com"]
[Date "2020.09.08"]
[Round "6"]
[White "willc-h99"]
[Black "floplover"]
[Result "1-0"]
[WhiteElo "2437"]
[BlackElo "2314"]
[TimeControl "180+1"]
[EndTime "11:09:10 PDT"]
[Termination "willc-h99 won by resignation"]

1. d4 d5 2. Nf3 e6 3. e3 Nf6 4. Bd3 Bd6 5. O-O O-O 6. b3 c6 7. Bb2 Nbd7 8. Ne5 a5 9. a3 Qc7 10. f4 b6 11. Nd2 Ba6 12. Bxa6 Rxa6 13. c4 Ne8 14. Rc1 f6 15. Nd3 a4 16. b4 Qb7 17. e4 b5 18. cxd5 cxd5 19. e5 Be7 20.
Nc5 Bxc5 21. dxc5 f5 22. Nf3 Nb8 23. Nd4 Nc7 24. g4 Nc6 25. g5 Nxd4 26. Bxd4 Rc6 27. h4 Na6 28. Qe2 Nb8 29. Rf3 Rcc8 30. Rfc3 Nc6 31.
Qd3 Rb8 32. Bf2 Qf7 33. Qf3 Rfd8 34. Rd3 Rbc8 35. Rcd1 Rc7 36. Kf1 Rcc8 37. Ke2 Rc7 38. h5 Qe7 39. Bh4 g6 40. Bf2 Qg7 41. Rh1 Kf7 42.
Qg2 Rh8 43. Rdh3 Rcc8 44. Qf3 Ke7 45. Qd3 Rb8 46. Rh4 Kd7 47. Qh3 Kc7 48. hxg6 Qxg6 49. Rxh7+ Rxh7 50. Qxh7+ Qxh7 51. Rxh7+ Kc8 52. Rh8+ Kd7 53.
Rxb8 Nxb8 54. Kf3 Ke7 55. g6 Kf8 56. Bh4 Kg7 57. Be7 Kxg6 58. Bd6 Nc6 59. Kg3 Kf7 60. Kh4 Nxb4 61. axb4 a3 62. c6 Ke8 63. c7 Kd7 64. Bc5 Kxc7 65. Bd4 Kd7 66. Kg5 Ke7 67. Kg6 Kd7 68. Kf7 a2 69. Kf6 Kc7 70. Kxe6 Kc6 71.
Kxf5 Kd7 72. e6+ 1-0

[Event "*** SCC Grand Prix: Titled Tuesday Blitz"]
[Site "Chess.com"]
[Date "2020.09.08"]
[Round "6"]
[White "Arjun2002"]
[Black "Firouzja2003"]
[Result "0-1"]
[WhiteElo "2726"]
[BlackElo "2985"]
[TimeControl "180+1"]
[EndTime "11:09:13 PDT"]
[Termination "Firouzja2003 won by resignation"]

1. e4 c5 2. Nf3 e6 3. d4 cxd4 4. Nxd4 a6 5. c4 Nf6 6. Nc3 Qc7 7. Be2 Bb4 8. Nc2 Bxc3+ 9. bxc3 d6 10. f3 O-O 11. O-O Nc6 12. Bf4 Ne5 13. Qd4 Bd7 14. Rfd1 Ba4 15. Rac1 Rac8 16. c5 Qxc5 17. Qxc5 Rxc5 18.
Rxd6 Ng6 19. Bd2 Rfc8 20. Rb6 R5c7 21. Nd4 Nd7 22. Rb4 b5 23. Kf2 Nde5 24. h3 Nc4 25. Be1 Nge5 26. f4 Nd7 27. Bxc4 Rxc4 28. Rxc4 Rxc4 29.
Ke3 h5 30. Nb3 Nf6 31. Nd2 Rc8 32. Bh4 Nd7 33. Be7 f6 34. Ba3 Nb6 35. Bb4 Kf7 36. Ba5 Nd7 37. Bb4 e5 38. f5 Nb6 39. Ba5 Nc4+ 40.
Nxc4 Rxc4 41. Bb4 g6 42. g4 hxg4 43. hxg4 g5 44. Ba3 b4 45. cxb4 Rd4 46. Rc7+ Ke8 47. Rb7 Bb5 48. Bb2 Rd3+ 49. Kf2 Rd2+ 50. Ke3 Rxb2 51.
Rb6 Ke7 52. a4 Bxa4 53. Rxa6 Bd7 54. Rb6 Rb3+ 55. Kd2 Rg3 56. b5 Rxg4 57. Rb8 Rxe4 58. Kc3 Re1 59. b6 Rb1 60. Kc2 Bxf5+ 61. Kc3 g4 62. b7 Bd7 63. Kc2 Rb6 64. Kc3 g3 65. Kc4 g2 66. Rg8 Rxb7 67. Rxg2 Ke6 68. Kc3 Bc6 69.
Rg1 Bd5 70. Kd2 Rb3 0-1

[Event "*** SCC Grand Prix: Titled Tuesday Blitz"]
[Site "Chess.com"]
[Date "2020.09.08"]
[Round "6"]
[White "Alexsur1981"]
[Black "Beca95"]
[Result "1-0"]
[WhiteElo "2714"]
[BlackElo "2908"]
[TimeControl "180+1"]
[EndTime "11:09:17 PDT"]
[Termination "Alexsur1981 won on time"]

1. e4 e6 2. d4 d5 3. Nd2 c5 4. Ngf3 cxd4 5. exd5 Qxd5 6. Bc4 Qd6 7. Qe2 Nf6 8. Nb3 Nc6 9. Bg5 a6 10. O-O-O b5 11.
Bd3 Be7 12. Nbxd4 Nxd4 13. Nxd4 Qb6 14. Kb1 Bb7 15. Rhe1 O-O 16. f3 Rfe8 17. Nb3 Qc7 18. h4 b4 19. Qe5 Qxe5 20. Rxe5 Bd5 21. Na5 h6 22. Bd2 Rec8 23. b3 Nd7 24. Re2 Nb6 25. Be3 Bc5 26. Be4 Ra7 27. Rdd2 Bxe3 28. Rxe3 Rc5 29.
Nc4 Nxc4 30. bxc4 Bxe4 31. Rxe4 Rac7 32. Rdd4 g6 33. Kb2 a5 34. Kb3 Kg7 35. g4 Kf6 36.
Rd6 Ke7 37. Rb6 g5 38. hxg5 hxg5 39. c3 bxc3 40. Kxc3 Kf6 41. a4 Ke7 42. Rb5 Kd6 43. Rd4+ Ke5 44. Kd3 Kf6 45. Rxc5 Rxc5 46. Rd7 Rc8 47.
Kd4 Rb8 48. Ra7 Rb3 49. c5 Rb4+ 50. Kc3 Ke5 51. Rxa5 Rf4 52. Ra7 Kd5 53. Rc7 Rxf3+ 54. Kb4 Rf4+ 55. Kb5 Rf1 56. Rd7+ Ke5 57. c6 Rb1+ 58.
Ka6 Rc1 59. Kb7 f5 60. gxf5 exf5 61. a5 g4 62. a6 f4 63. a7 Rb1+ 64. Kc8 Ra1 65.
Kb8 f3 66. a8=Q Rxa8+ 67. Kxa8 f2 68. Rf7 g3 69. c7 g2 70. c8=Q f1=Q 71. Qe8+ Kd4 72.
Rd7+ Kc3 73. Qe3+ Kc4 74. Rd4+ Kb5 75. Qe5+ Kb6 76. Rd6+ Kc7 77. Qe7+ 1-0

[Event "*** SCC Grand Prix: Titled Tuesday Blitz"]
[Site "Chess.com"]
[Date "2020.09.08"]
[Round "6"]
[White "Witik"]
[Black "ketster"]
[Result "1-0"]
[WhiteElo "2698"]
[BlackElo "2450"]
[TimeControl "180+1"]
[EndTime "11:09:17 PDT"]
[Termination "Witik won by checkmate"]

1. e4 e5 2. f4 d5 3. exd5 exf4 4. Nf3 Bd6 5. d4 Nf6 6. Bb5+ c6 7. dxc6 bxc6 8. Bc4 O-O 9. O-O Bg4 10. Nc3 Nbd7 11. Qd3 Nb6 12. Bb3 Qc7 13. Ne5 Bxe5 14. dxe5 Qxe5 15.
Bxf4 Qh5 16. Qg3 Qg6 17. Bd6 Rfe8 18. Rf4 Be6 19. Qxg6 hxg6 20. Bc5 Nbd5 21. Nxd5 Bxd5 22. c4 Be6 23. Rd4 Nd7 24. Bd6 Nb6 25. Rad1 a5 26.
Bc5 Rab8 27. Rc1 a4 28. Bd1 Rb7 29. Bf3 Rc8 30. Rc3 Nd7 31. Ba3 Ne5 32. Be2 Rcb8 33. h3 Rc8 34. Bf1 f6 35. Be2 Kf7 36.
b3 axb3 37. axb3 Ra8 38. Bd6 Ra1+ 39. Kf2 Ra2 40. Ke3 Nd7 41. b4 c5 42. bxc5 Ne5 43.
Bxe5 fxe5 44. Rd6 Rc7 45. c6 Ra6 46. Bf3 Ke7 47. c5 Ra5 48. Be4 Ra4 49. Bxg6 Ra2 50. Be4 Ra5 51. g4 Ra2 52. Bf5 Rh2 53. Rxe6+ Kf7 54.
Ke4 Re2+ 55. Kd5 Rd2+ 56. Kxe5 Re2+ 57. Kd6 Rxe6+ 58. Bxe6+ Kf6 59. Kxc7 g6 60. Kd8 Kg5 61. c7 Kh4 62. c8=Q g5 63. Rc1 Kg3 64. Qc7+ Kg2 65. Qe5 Kf2 66. Rc2+ Kf1 67. Qe2+ Kg1 68. Qg2# 1-0

[Event "*** SCC Grand Prix: Titled Tuesday Blitz"]
[Site "Chess.com"]
[Date "2020.09.08"]
[Round "6"]
[White "KyrgyzFighter"]
[Black "el-roedor"]
[Result "0-1"]
[WhiteElo "2348"]
[BlackElo "2553"]
[TimeControl "180+1"]
[EndTime "11:09:17 PDT"]
[Termination "el-roedor won by checkmate"]

1. c4 c5 2. Nf3 g6 3. d4 cxd4 4. Nxd4 Nc6 5. g3 Bg7 6. Nc2 d6 7. Bg2 h5 8. h3 Be6 9. Ne3 Qd7 10.
Nd2 Rc8 11. Rb1 Nf6 12. b3 O-O 13. Bb2 a6 14. h4 b5 15. cxb5 axb5 16. O-O Bh3 17.
Rc1 Bxg2 18. Kxg2 Ng4 19. Nxg4 Bxb2 20. Rc2 Bg7 21. Ne3 Nd4 22. Rxc8 Rxc8 23. Nf3 Qb7 24.
Kh2 Nxf3+ 25. exf3 Rc5 26. Kg2 Qc6 27. Qd3 e6 28. Rd1 d5 29. Rd2 Rc3 30. Qe2 d4 31.
Nd1 Rc1 32. Nb2 e5 33. Nd3 Rc3 34. Kh2 f6 35. Qe4 Qxe4 36. fxe4 Bh6 37. Rd1 Rc2 38. Kg2 Rxa2 39. Kf3 Rc2 40. Ra1 Rc3 41. Ke2 Rxb3 42. Ra8+ Kf7 43. Ra7+ Ke8 44. Ra8+ Kd7 45. Rg8 Rc3 46.
Rxg6 Bf8 47. Rxf6 Bd6 48. Rf7+ Kc6 49. Rf6 Kc7 50. Rf7+ Kc6 51. Rf6 Kd7 52. Rf7+ Kc8 53.
Rh7 b4 54. Rh6 Kc7 55. Rh7+ Kc6 56. Rh6 Kd7 57. Rh7+ Kc8 58. Rh6 Kc7 59. Rh7+ Kb6 60. Rh6 Rc6 61. Kd2 b3 62. f4 Bb4+ 63. Ke2 Rxh6 64.
fxe5 Bc3 65. Kd1 Kb5 66. Nc1 Kc4 67. Ne2 Re6 68. Nxd4 Kxd4 69. Kc1 Rxe5 70. Kb1 Rxe4 71. Kc1 Rg4 72. Kd1 Re4 73. Kc1 Re1# 0-1

[Event "*** SCC Grand Prix: Titled Tuesday Blitz"]
[Site "Chess.com"]
[Date "2020.09.08"]
[Round "6"]
[White "BogdanDeac"]
[Black "Gabrielian_Artur"]
[Result "1/2-1/2"]
[WhiteElo "2920"]
[BlackElo "2707"]
[TimeControl "180+1"]
[EndTime "11:09:24 PDT"]
[Termination "Game drawn by repetition"]

1. d4 Nf6 2. Nf3 e6 3. c4 c5 4. Nc3 cxd4 5. Nxd4 d5 6. Bf4 Nc6 7. e3 Bb4 8. Be2 O-O 9. O-O Bxc3 10. bxc3 Na5 11. cxd5 Nxd5 12. Bd3 Nxf4 13. exf4 Bd7 14. Qh5 g6 15. Qh6 Qf6 16. Rac1 Rac8 17. Rfe1 Nc6 18. Nf3 Rfd8 19. Ng5 Qg7 20. Qh4 Ne7 21. Nxh7 Qxh7 22. Qxe7 Bc6 23. Be4 Bxe4 24. Rxe4 Qg7 25. g3 Rd2 26. Qxb7 Rxc3 27. Qb8+ Kh7 28. Rxc3 Qxc3 29. Qxa7 Qf3 30. Re1 Kg7 31. a4 Qd5 32. Qe3 Ra2 33.
Qc3+ Kg8 34. Ra1 Rxa4 35. Rxa4 Qd1+ 36. Kg2 Qxa4 37. h4 Qe4+ 38. Qf3 Qf5 39. Qa8+ Kg7 40. Qa1+ Kg8 41. Qe5 Qc2 42. Qe3 Qc6+ 43. Qf3 Qc4 44. h5 gxh5 45. Qxh5 Qc6+ 46. Qf3 Qc4 47. Qa8+ Kg7 48.
Qa1+ Kg8 49. Qe5 Qc6+ 50. Kh2 Qf3 51. Qe3 Qh5+ 52. Kg2 Qd5+ 53. Qf3 Qc4 54. f5 exf5 55. Qxf5 Qc6+ 56. Kh3 Qh1+ 57. Kg4 Qd1+ 58. f3 Qa4+ 59. Kh5 Qc6 60. g4 Kf8 61. Qf4 Qc2 62. Qh6+ Ke7 63. Qe3+ Kf8 64. Qf4 Qg6+ 65. Kh4 Qe6 66.
Qb8+ Kg7 67. Qf4 Qe1+ 68. Kh5 Qh1+ 69. Kg5 Qh6+ 70. Kf5 Qe6+ 71. Kg5 Qh6+ 72. Kf5 Qe6+ 73. Kg5 Qh6+ 1/2-1/2

[Event "*** SCC Grand Prix: Titled Tuesday Blitz"]
[Site "Chess.com"]
[Date "2020.09.08"]
[Round "6"]
[White "anon102030"]
[Black "louis198"]
[Result "1-0"]
[WhiteElo "2715"]
[BlackElo "2505"]
[TimeControl "180+1"]
[EndTime "11:09:26 PDT"]
[Termination "anon102030 won by resignation"]

1. e4 e6 2. d3 d5 3. Nd2 Nf6 4. g3 Bc5 5. Bg2 O-O 6. Ngf3 dxe4 7. dxe4 Nc6 8. O-O e5 9. Qe2 Qe7 10. c3 a5 11. Nb3 Bb6 12. Be3 Bxe3 13. Qxe3 b6 14.
Rfe1 Ba6 15. Rad1 Rad8 16. h3 h6 17. Nh4 a4 18. Nf5 Qe6 19. Nc1 Na5 20. Qf3 Kh7 21. g4 Bb7 22. Qe3 Nc4 23. Qe2 Nd6 24. Ng3 Rd7 25. Nd3 Ba6 26. a3 Rfd8 27. Qc2 Bxd3 28.
Rxd3 b5 29. Nf5 Nc4 30. Red1 Rxd3 31. Rxd3 Rxd3 32. Qxd3 Qd7 33. Bf1 Qxd3 34. Bxd3 Nxb2 35. Bxb5 Nxe4 36. c4 Nc3 37. Ne3 g6 38. Kf1 Kg7 39. Ke1 Kf6 40. Bc6 Nb1 41. Bb5 Nxa3 42. Nd5+ Kg7 43. Nxc7 Nbxc4 44. Bxa4 f5 45. Ne8+ Kf7 46.
gxf5 gxf5 47. Nc7 Kf6 48. Bb3 Na5 49. Ba2 N3c4 50. Ke2 Nb6 51. Nb5 e4 52. Ke3 Ke5 53. f4+ exf3 54. Kxf3 Nd5 55. Kg3 Nc6 56. Kf2 Ncb4 57.
Bb3 Nd3+ 58. Kg3 Nc5 59. Bd1 Ne3 60. Bf3 f4+ 61. Kf2 Nd3+ 62. Ke2 Nc5 63. Na3 Ne4 64. h4 Nc3+ 65. Kf2 Ne4+ 66. Bxe4 Nf5 67. Bxf5 Kxf5 68. Kf3 Ke5 69. Nc4+ Kf5 70. Nb2 Ke5 71. Nd3+ Kf5 72. Nxf4 Kf6 73. Kg4 Kg7 74. Nd5 Kh7 75. Kh5 Kg7 76.
Ne3 Kh7 77. Ng4 Kg7 78. Nxh6 Kh7 79. Ng4 Kg7 80. Kg5 Kh7 81. h5 Kg7 82. h6+ Kh7 83.
Kh5 Kh8 84. Kg6 Kg8 85. Ne5 Kh8 86. Nf7+ 1-0

[Event "*** SCC Grand Prix: Titled Tuesday Blitz"]
[Site "Chess.com"]
[Date "2020.09.08"]
[Round "6"]
[White "ChadaevNikolay"]
[Black "GregShahade"]
[Result "1/2-1/2"]
[WhiteElo "2812"]
[BlackElo "2607"]
[TimeControl "180+1"]
[EndTime "11:09:27 PDT"]
[Termination "Game drawn - insufficient material"]

1. d4 Nf6 2. c4 g6 3. Nc3 d5 4. Bf4 Bg7 5. e3 c5 6. dxc5 Qa5 7. Rc1 dxc4 8. Bxc4 O-O 9. Ne2 Qxc5 10. Bb3 Nc6 11. O-O Qa5 12. e4 Rd8 13. Qe1 Nh5 14. Be3 Bd7 15.
Rd1 Be8 16. f3 Rxd1 17. Qxd1 Rd8 18. Qe1 Nf6 19. Qf2 b6 20. Nf4 e6 21. Rd1 Rxd1+ 22. Nxd1 Ne5 23. Qd2 Qxd2 24. Bxd2 Bh6 25. Be3 Bf8 26.
Kf2 g5 27. Ne2 Nd3+ 28. Kf1 h6 29. Nc1 Bb5 30. Nxd3 Bxd3+ 31. Ke1 Bb4+ 32. Bd2 Bc5 33.
Nf2 Bb5 34. Bc3 Nd7 35. a4 Ba6 36. Bc2 Bd6 37. g3 Ne5 38. Bd1 Nd3+ 39. Nxd3 Bxd3 40. Kd2 Ba6 41. b4 Bb7 42. b5 Bc5 43. Be5 a6 44.
bxa6 Bxa6 45. Be2 Bb7 46. Bb5 g4 47. fxg4 Bxe4 48. h4 Bf3 49. Be2 Bc6 50. Bb5 Bf3 51. Be2 Bc6 52. Bd1 Bf2 53. g5 hxg5 54. hxg5 Bc5 55. Bc2 Be7 56. Bf6 Bc5 57. Kc3 Bf2 58. Be5 Kf8 59. Bd4 Bxd4+ 60. Kxd4 Ke7 61. Ke5 Bd7 62. Bb3 Bc6 63. Kd4 Kd6 64. Bc2 Bd7 65.
Kc4 Bc6 66. Kb4 Ke5 67. Bd3 Kd6 68. Bh7 Ke7 69. a5 bxa5+ 70. Kxa5 Bd5 71. Kb6 e5 72. Kc5 Be6 73. Be4 f5 74. gxf6+ Kxf6 75. Kd6 Bg4 76.
Kd5 Be6+ 77. Kc5 Bg4 78. Kc4 Be6+ 79. Kd3 Bg4 80. Ke3 Be6 81. Bf3 Bf5 82. g4 Bxg4 83. Bxg4 e4 84. Kxe4 1/2-1/2

[Event "*** SCC Grand Prix: Titled Tuesday Blitz"]
[Site "Chess.com"]
[Date "2020.09.08"]
[Round "6"]
[White "Tenamu"]
[Black "keepitcool9499"]
[Result "0-1"]
[WhiteElo "2362"]
[BlackElo "2652"]
[TimeControl "180+1"]
[EndTime "11:09:27 PDT"]
[Termination "keepitcool9499 won by resignation"]

1. d4 e6 2. e4 d5 3. Nd2 c5 4.
exd5 Qxd5 5. Ngf3 cxd4 6. Bc4 Qd6 7. O-O Nc6 8. Qe2 Nf6 9. Rd1 Be7 10. Nb3 e5 11. c3 O-O 12. cxd4 e4 13. Ne1 Bg4 14. Qc2 Bxd1 15. Qxd1 Rad8 16. Nc2 a6 17. a4 Nb4 18. Ne3 Nfd5 19. Nxd5 Nxd5 20. Nc5 b5 21. axb5 axb5 22. Nxe4 Qd7 23. Bb3 Nf6 24. Nxf6+ Bxf6 25. d5 Qf5 26. Ra5 Rfe8 27. Rxb5 Qg4 28. Qf1 Qe2 29. Qxe2 Rxe2 30.
Kf1 Re7 31. Bc4 Rde8 32. Be3 Rd7 33. b3 Red8 34. Ke2 g6 35. Kd3 Kg7 36. Bf4 Be7 37. Rb6 Bd6 38. Be3 Kf8 39. Bh6+ Ke7 40. Bg5+ f6 41.
Be3 Be5 42. Bc5+ Bd6 43. Be3 Bc7 44. Re6+ Kf7 45. d6 Kg7 46. Bd4 Rxd6 47. Re7+ Kh8 48. Rxc7 Rxd4+ 49. Kc3 R4d7 50. Rc5 Kg7 51. b4 Rd1 52. b5 Rc1+ 53. Kb4 Rb8 54. Rc6 Rb1+ 55. Kc5 Rc1 56. b6 Re8 57. b7 Re5+ 58. Kb6 Rb1+ 59. Kc7 Re7+ 60. Kd6 Rexb7 61. Rc8 Rd1+ 62. Kc5 Re7 63. f4 Rc1 64. g3 Ra7 65. Kd4 Ra4 66.
h4 Kh6 67. g4 f5 68. gxf5 gxf5 69. Rc5 Kh5 70. Rxf5+ Kxh4 71. Rc5 Kg4 72. f5 h5 73. f6 Rf1 74. f7 Rxf7 75. Kc3 Rf3+ 76. Kd4 Rf4+ 77. Kd5 Rfxc4 78. Rxc4+ Rxc4 79. Kxc4 Kg3 80. Kd3 Kg2 81. Ke2 h4 82. Ke3 h3 83. Kf4 h2 0-1

[Event "*** SCC Grand Prix: Titled Tuesday Blitz"]
[Site "Chess.com"]
[Date "2020.09.08"]
[Round "6"]
[White "jhonnyuribe"]
[Black "1stSecond"]
[Result "0-1"]
[WhiteElo "2518"]
[BlackElo "2799"]
[TimeControl "180+1"]
[EndTime "11:09:31 PDT"]
[Termination "1stSecond won on time"]

1. d4 d5 2. Nf3 e6 3. e3 c5 4. c3 Nc6 5. Bd3 Nf6 6. Nbd2 cxd4 7.
exd4 Bd6 8. O-O Rb8 9. Qe2 a6 10. Ne5 Bxe5 11. dxe5 Nd7 12. f4 b5 13. Nf3 a5 14. Be3 b4 15. c4 Nb6 16. Rad1 dxc4 17.
Bxc4 Qc7 18. Bb5 Nd5 19. Bc5 Bd7 20. Kh1 Rxb5 21. Qxb5 Nxe5 22. Qe2 Qxc5 23. Qxe5 O-O 24. f5 Qc4 25. fxe6 fxe6 26. b3 Qg4 27. h3 Qg6 28.
Qd6 Bb5 29. Qxf8+ Kxf8 30. Ne5+ Qf6 31. Rxf6+ gxf6 32. Nc4 a4 33. Nd6 axb3 34. axb3 Be2 35. Re1 Nc3 36. Kg1 Ke7 37. Ne4 Bd3 38. Nxc3 bxc3 39.
Kf2 e5 40. Ke3 Bg6 41. Ra1 c2 42. Kd2 Ke6 43. b4 Be4 44. g4 Kd5 45. Ra7 Kc4 46. Rc7+ Kxb4 47. h4 Kb5 48. g5 fxg5 49. hxg5 Bg6 50.
Re7 Kc4 51. Rxe5 Kd4 52. Re7 Kd5 53. Kc1 Kd4 54. Re1 Be4 55. Re2 Bf5 56. Rh2 Ke5 57. Rf2 Be4 58. Kd2 Bg6 59. Rf8 Ke6 60. Rf6+ Ke5 61.
Rf1 Bf5 62. Ke3 Bg6 63. Kd2 Kd4 64. Rf4+ Be4 65. Rh4 Ke5 66. Rg4 Kf5 67. g6 hxg6 68. Rg1 g5 69. Rf1+ Ke5 70. Ke3 Bf5 71. Rg1 g4 72. Kd2 Kf4 73. Ke2 g3 74. Rf1+ Kg4 0-1

[Event "*** SCC Grand Prix: Titled Tuesday Blitz"]
[Site "Chess.com"]
[Date "2020.09.08"]
[Round "6"]
[White "Rodchenkov_Vitalij"]
[Black "crescentmoon2411"]
[Result "0-1"]
[WhiteElo "2575"]
[BlackElo "2770"]
[TimeControl "180+1"]
[EndTime "11:09:31 PDT"]
[Termination "crescentmoon2411 won by resignation"]

1. d4 Nf6 2. Nf3 c5 3. d5 e6 4. Nc3 exd5 5. Nxd5 Nxd5 6. Qxd5 Nc6 7. e4 Be7 8. Bc4 O-O 9. c3 d6 10. O-O Be6 11.
Qd3 Qd7 12. Bf4 Bxc4 13. Qxc4 Qe6 14. Qd3 Rad8 15. Rfd1 f5 16. Qd5 Qxd5 17. exd5 Nb8 18. Re1 Rfe8 19. Re6 Bf8 20. Rae1 Rxe6 21. Rxe6 Na6 22.
Bg5 Rd7 23. c4 Kf7 24. Bd2 h6 25. Nh4 Nc7 26. Re2 g6 27. Kf1 Re7 28. h3 b5 29.
b3 bxc4 30. bxc4 Ne8 31. Rxe7+ Bxe7 32. Nf3 g5 33. Ne1 Nf6 34. f3 Nd7 35. Nc2 Nb6 36.
Na3 a6 37. Ba5 Na4 38. Ke2 Bf6 39. Bc7 Be5 40. Kd3 Ke7 41. Kc2 Kd7 42. Ba5 h5 43. Nb1 Nb2 44. Nd2 g4 45. hxg4 hxg4 46. fxg4 fxg4 47. Bc3 Bxc3 48. Kxc3 Nd1+ 49. Kd3 Ke7 50.
Ke4 Nc3+ 51. Kf4 Nxa2 52. Kxg4 a5 53. Kf4 a4 54. Ke4 a3 55. Kd3 Nb4+ 56. Kc3 Kf6 57.
Nb3 Ke5 58. Na1 Kf4 59. Nb3 a2 60. Kb2 Kg3 61. Nc1 Kxg2 62. Nb3 Kf3 63. Na5 Ke4 64. Nb7 Ke5 65. Nd8 Kd4 66. Nf7 Kxc4 67. Nxd6+ Kxd5 68. Nb7 c4 69. Na5 c3+ 70. Ka1 c2 71. Nb3 Kc4 72. Nc1 Kc3 73. Ne2+ Kd2 74. Nc1 Kd1 75.
Nb3 Ke2 76. Nc1+ Kd2 77. Nb3+ Kc3 78. Nc1 Nd3 79. Nxa2+ Kd2 80. Nc1 Nxc1 81. Kb2 Nd3+ 0-1

[Event "*** SCC Grand Prix: Titled Tuesday Blitz"]
[Site "Chess.com"]
[Date "2020.09.08"]
[Round "6"]
[White "bazar-wokzal"]
[Black "Shubinkirill2003"]
[Result "1/2-1/2"]
[WhiteElo "2479"]
[BlackElo "2637"]
[TimeControl "180+1"]
[EndTime "11:09:33 PDT"]
[Termination "Game drawn by repetition"]

1. e4 e6 2. d4 d5 3. exd5 exd5 4. Nf3 Nc6 5. Bd3 Nge7 6. O-O Bg4 7. c3 Qd7 8. Re1 O-O-O 9. Nbd2 Ng6 10. b4 Bd6 11. h3 Bh5 12. b5 Nce7 13. Qa4 Kb8 14. Ne5 Nxe5 15. dxe5 Bc5 16. Nb3 Bb6 17. Be3 Bg6 18. Bf1 Nf5 19. Bc5 Rhe8 20. Rad1 Re6 21. Qb4 Rde8 22. a4 Rxe5 23. Rxe5 Rxe5 24. a5 Bxc5 25.
Nxc5 Qd6 26. b6 axb6 27. axb6 cxb6 28. Na4 Qxb4 29. cxb4 d4 30. g4 Nh4 31. f4 Re3 32. f5 Ra3 33. Nxb6 Ra2 34. Kh1 Kc7 35. Nd5+ Kd6 36. Nf4 Ke5 37. Nd3+ Ke4 38. fxg6 hxg6 39. Nc5+ Ke3 40. Bc4 Rc2 41. Rd3+ Kf2 42. Ne4+ Ke1 43.
Bd5 f5 44. Ng3 f4 45. Ne4 f3 46. Rxd4 f2 47. Nxf2 Rxf2 48. Re4+ Re2 49. Rxe2+ Kxe2 50. Kh2 b6 51. Kg3 g5 52. b5 Ke3 53. Bc6 Ng6 54.
Be8 Ne5 55. h4 gxh4+ 56. Kxh4 Kf4 57. g5 Nf3+ 58. Kh5 Nxg5 59. Kg6 Ne6 60. Bf7 Ke5 61. Bg8 Kd6 62. Bf7 Ke7 63. Bg8 Kd6 64. Bf7 Nd4 65. Kxg7 Nxb5 66. Kf6 Nd4 67. Be8 Kc5 68. Ke5 Nc6+ 69. Ke4 b5 70. Kd3 Nd4 71. Kc3 b4+ 72. Kb2 Nb5 73. Bxb5 Kxb5 74. Kb3 Kc5 75. Kb2 Kc4 76.
Kc2 b3+ 77. Kb2 Kb4 78. Kb1 Ka3 79. Ka1 Ka4 80. Kb2 Kb4 81. Kb1 Kc4 82. Kb2 Kb4 1/2-1/2

[Event "*** SCC Grand Prix: Titled Tuesday Blitz"]
[Site "Chess.com"]
[Date "2020.09.08"]
[Round "6"]
[White "ChessPromotionAlex"]
[Black "Jungle_Jaguar"]
[Result "1-0"]
[WhiteElo "2522"]
[BlackElo "2658"]
[TimeControl "180+1"]
[EndTime "11:09:40 PDT"]
[Termination "ChessPromotionAlex won by checkmate"]

1. e4 e5 2. Nf3 Nc6 3. Bb5 a6 4. Ba4 Nf6 5. O-O Be7 6. Re1 b5 7. Bb3 O-O 8. h3 Bb7 9. d3 d5 10. exd5 Nxd5 11. Nxe5 Nd4 12. Nd2 c5 13. Ndf3 Nxb3 14.
axb3 f6 15. Ng4 f5 16. Nge5 Bf6 17. d4 cxd4 18. Nxd4 Re8 19. Nef3 Qd7 20. Bg5 h6 21. Bxf6 Nxf6 22. Qd2 Rad8 23. Rxe8+ Qxe8 24. Re1 Qh5 25. Qf4 Be4 26. c3 Kh7 27. b4 Qf7 28. Nxf5 Bxf3 29.
Qxf3 Rd2 30. Re2 Rd1+ 31. Kh2 Qc7+ 32. Qg3 Qxg3+ 33. Nxg3 Rb1 34. f3 Nd5 35. Ne4 Nb6 36.
Nc5 Nc4 37. Nxa6 Nxb2 38. Nc7 Nd3 39. Nxb5 Nf4 40. Rd2 Re1 41. h4 Ne2 42. Rd3 Nc1 43. Rd4 Nb3 44. Re4 Rd1 45. Re7 Nd2 46. Rd7 Nf1+ 47.
Kg1 Rxd7 48. Kxf1 Kg6 49. g4 Kf6 50. Ke2 Ke5 51. Nd4 Kd5 52. Kd3 Rf7 53. c4+ Kd6 54. Ke4 Kc7 55. Ne6+ Kb6 56. f4 Re7 57. f5 Rd7 58.
Nd4 Re7+ 59. Ne6 Rd7 60. g5 hxg5 61. hxg5 Kc6 62. Ke5 Re7 63. g6 Kd7 64. Kd5 Ke8 65. c5 Rd7+ 66. Ke5 Rd1 67. Nxg7+ Ke7 68. f6+ Kd7 69.
f7 Re1+ 70. Kf6 Rf1+ 71. Nf5 Kc6 72. f8=Q Kb5 73. Qd6 Rf3 74. c6 Kc4 75. Qc5+ Kb3 76. Qd5+ Ka4 77. Qxf3 Kb5 78. Qd5+ Kb6 79. Qc5+ Kc7 80.
Nd4 Kd8 81. Qe7+ Kc8 82. Qd7+ Kb8 83. Qb7# 1-0

[Event "*** SCC Grand Prix: Titled Tuesday Blitz"]
[Site "Chess.com"]
[Date "2020.09.08"]
[Round "6"]
[White "chessmachine14"]
[Black "woodpusher52"]
[Result "1/2-1/2"]
[WhiteElo "2350"]
[BlackElo "2457"]
[TimeControl "180+1"]
[EndTime "11:10:16 PDT"]
[Termination "Game drawn by stalemate"]

1. e4 e5 2. Nf3 Nc6 3. Bb5 Nf6 4. O-O Nxe4 5. Re1 Nd6 6. Nxe5 Nxe5 7. Rxe5+ Be7 8. Bf1 O-O 9. d4 Bf6 10. Re1 Ne8 11.
c3 d5 12. Bd3 c6 13. Nd2 Nd6 14. Qc2 g6 15. Nf1 Bf5 16. Ng3 Bxd3 17. Qxd3 Qd7 18. Bh6 Rfe8 19. Bf4 Bg7 20. Be5 f6 21. Bf4 Nf7 22.
h3 f5 23. h4 Nd6 24. h5 Ne4 25. Nxe4 fxe4 26. Qg3 Qf5 27. h6 Bf6 28. Re3 Kf7 29.
Rae1 g5 30. Bd6 Qg6 31. f3 exf3 32. Qxf3 Rxe3 33. Rxe3 Re8 34. Be5 Qxh6 35. Qg4 Re6 36. Rf3 Ke7 37. Bxf6+ Rxf6 38. Qc8 Rxf3 39. Qxb7+ Kf8 40.
gxf3 Qh3 41. Qb8+ Kg7 42. Kf2 Qh4+ 43. Ke2 Qh1 44. Qe5+ Kg6 45. Qe6+ Kg7 46. Qd7+ Kg6 47. Qxc6+ Kh5 48. Qe8+ Kh6 49. Qe6+ Kh5 50. Qg4+ Kg6 51. Qe6+ Kh5 52. Qxd5 Qg2+ 53. Ke3 Qg1+ 54. Kd3 Qd1+ 55. Ke4 Qe2+ 56. Kf5 Qc2+ 57. Kf6 Qg6+ 58. Ke7 Qc2 59. Qf7+ Kh6 60. Qf6+ Kh5 61. Qf7+ Kh6 62. Qe6+ Kh5 63.
Qe4 Qxe4+ 64. fxe4 g4 65. d5 g3 66. d6 g2 67. d7 g1=Q 68. d8=Q Qg5+ 69. Kd7 Qxd8+ 70. Kxd8 Kg6 71. Kd7 Kf6 72. Kd6 Kf7 73. e5 Ke8 74. Ke6 h5 75. Kf5 Ke7 76. Kg5 Ke6 77. Kxh5 Kxe5 78. Kg6 Ke4 79. c4 Kd4 80. b3 Kc3 81. Kf6 Kb2 82. c5 Kxa2 83. c6 Kxb3 84. c7 a5 85. c8=Q a4 86. Qb7+ Ka2 87. Ke5 a3 88.
Qa6 Kb2 89. Qe2+ Ka1 90. Qd1+ Kb2 91. Qd2+ Kb1 92. Qd3+ Kb2 93. Qb5+ Ka1 94. Qf1+ Kb2 95. Qe2+ Ka1 96. Qe1+ Kb2 97. Qb4+ Ka2 98. Kd4 Ka1 99. Kc3 a2 100. Kc2 1/2-1/2